 Dungeon Crawl Stone Soup version 0.24.0-37-gcf1ca852f1 (webtiles) character file.

Game seed: 7493719436864528325, levelgen mode: deterministic

80 FishyPogo the Skirmisher (level 4, 0/35 HPs)
             Began as a Human Berserker on Nov 30, 2019.
             Was a Believer of Trog.
             Slain by a gnoll
             ... wielding a +1 dagger of chaos
              (1 damage)
             ... while paralysed by a gnoll
             ... on level 2 of the Dungeon.
             The game lasted 00:05:50 (1932 turns).

FishyPogo the Skirmisher (Human Berserker)          Turns: 1932, Time: 00:05:51

Health: 0/35       AC:  3    Str: 18    XL:     4   Next: 65%
Magic:  4/4        EV:  2    Int:  7    God:    Trog [**....]
Gold:   18         SH:  0    Dex: 13    Spells: 3/3 levels left

rFire    . . .     SeeInvis .   a - +0 short sword
rCold    . . .     Gourm    .   (no shield)
rNeg     . . .     Faith    .   b - +0 animal skin
rPois    .         Spirit   .   u - +0 helmet
rElec    .         Reflect  .   (no cloak)
rCorr    .         Harm     .   (no gloves)
MR       .....                  (no boots)
Stlth    ++........             (no amulet)
HPRegen  0.11/turn              (no ring)
MPRegen  0.09/turn              (no ring)

@: paralysed, slowed
A: no striking features
a: Berserk, Trog's Hand, Renounce Religion


You were on level 2 of the Dungeon.
You worshipped Trog.
Trog was pleased with you.
You were not hungry.

You visited 1 branch of the dungeon, and saw 2 of its levels.

You collected 18 gold pieces.

Inventory:

Hand Weapons
 a - a +0 short sword (weapon)
Missiles
 p - 57 stones (quivered)
 r - a throwing net
 s - 6 atropa-tipped darts
Armour
 b - a +0 animal skin (worn)
 f - a +0 shield
 u - a +0 helmet (worn)
Scrolls
 d - 2 scrolls of remove curse {unknown}
 g - 3 scrolls of identify {unknown}
 i - a scroll of enchant armour {unknown}
 m - a scroll of random uselessness {unknown}
 o - a scroll of immolation {unknown}
 t - a scroll of blinking {unknown}
 v - a scroll of teleportation {unknown}
Potions
 e - a potion of agility {unknown}
 h - a potion of brilliance {unknown}
 j - a potion of ambrosia {unknown}
 k - a potion of magic {unknown}
 l - a potion of cancellation {unknown}
 n - a potion of mutation {unknown}
Comestibles
 c - 6 rations
 q - a chunk of flesh


   Skills:
 * Level 3.5 Fighting
 + Level 3.2 Short Blades
 * Level 1.4 Throwing
 + Level 2.3 Armour
 + Level 2.4 Dodging
 + Level 0.9 Stealth
 * Level 1.1 Shields


You had 3 spell levels left.
You didn't know any spells.
Your spell library was empty.

Dungeon Overview and Level Annotations

Branches:
Dungeon (2/15)

Altars:
Ru
Xom


Message History

The gnoll shouts!
The gnoll misses you.
You hit the gnoll.
The gnoll is severely wounded.
The gnoll hits you with a +0 club of chaos.
You suddenly lose the ability to move!
The gnoll hits you with a +0 club of chaos.
You feel yourself slow down.
The gnoll hits you with a +1 dagger of chaos.
The gnoll freezes you.
The gnoll splashes around in the water.
The gnoll hits you with a +1 dagger of chaos!
You are electrocuted!
* * * LOW HITPOINT WARNING * * *
The gnoll hits you with a +0 club of chaos.
* * * LOW HITPOINT WARNING * * *
The gnoll hits you with a +1 dagger of chaos.
* * * LOW HITPOINT WARNING * * *
The gnoll burns you.
You die...

.# #.....# #.....# ###.#
.# ##...## #####.# #....
## ##.## #####.# #.#..
#.# #.....# #.... #.#
#.###.# #.... ##'##
####.###### #.... ##...#
#.#...#≈##..## #....
##....# #≈.....#≈#.≈#
#....
###....###≈≈##≈.@#.##≈.#
#....
.......#..#.⌠#≈g#g≈# ..#
####...#
.......#.#≈..≈.#≈..#...#
#.......
##.....##.#≈.(##.#≈.##≈⌠
####...# ##.....#.##%≈≈
.##≈^≈. ##..#
...#...###≈≈...# g#≈#.
##.# #####...##≈_.≈# #≈≈
# #.. ##'##### .# ≈..#
##. #.# ### #.


You could see 3 gnolls.

Vanquished Creatures
  4 adders (D:2)
  2 worms (D:2)
  2 dart slugs (D:1)
  7 bats
  5 goblins
  5 hobgoblins
  2 kobolds (D:2)
  A ball python (D:2)
  2 frilled lizards (D:2)
  6 rats
36 creatures vanquished.

Notes
Turn   | Place    | Note
-------+----------+-------------------------------------------
     0 | D:1      | FishyPogo the Human Berserker began the quest for the Orb.
     0 | D:1      | Reached XP level 1. HP: 18/18 MP: 1/1
   117 | D:1      | Reached XP level 2. HP: 17/24 MP: 2/2
   792 | D:2      | Reached XP level 3. HP: 20/29 MP: 3/3
   902 | D:2      | Found a sacrificial altar of Ru.
   950 | D:2      | Reached skill level 1 in Throwing
  1362 | D:2      | Reached skill level 1 in Shields
  1362 | D:2      | Reached XP level 4. HP: 35/35 MP: 4/4
  1463 | D:2      | Reached ** piety under Trog
  1922 | D:2      | Found a shimmering altar of Xom.
  1929 | D:2      | Paralysed by a gnoll for 7 turns
  1932 | D:2      | HP: 1/35 [gnoll/+1 dagger of chaos (1)]
  1932 | D:2      | Slain by a gnoll

Levels and vault maps discovered:
D:1:      wander_arrival_chamber, layout_basic, serial_forest,
          infiniplex_forest_join, infiniplex_forest_lined_room_3,
          infiniplex_forest_end_2, infiniplex_forest_clump_diagonal,
          infiniplex_forest_clump_diagonal
D:2:      lemuel_upstairs_altar, layout_loops_corners, tgw_xom,
          lemuel_altar_in_water2

Skill      XL: |  1  2  3 |
---------------+----------+-----
Throwing       | 1 |  1.4
Shields        | 1 |  1.1
Fighting       | |  3.5
Short Blades   | |  3.2
Armour         | |  2.3
Dodging        | |  2.4
Stealth        | |  0.9

Action                   |  1- 3 |  4- 6 || total
-------------------------+-------+-------++-------
Melee: Short sword       |    69 |    57 ||   126
Throw: Stone             |     2 |     3 ||     5
Invok: Berserk           |     4 |     2 ||     6
 Stab: Sleeping          |     1 |       ||     1
  Eat: Chunk             |     4 |     5 ||     9
Armor: Animal skin       |    12 |    14 ||    26
Dodge: Dodged            |    38 |    41 ||    79
